 Dungeon Crawl Stone Soup version 0.28-a0-1435-g82390b3a13 (webtiles) character file.

Game seed: 6940131168505666702

2450 bande the Chopper (level 9, -1/55 HPs)
             Began as a Gargoyle Fighter on Jan 9, 2022.
             Slain by Erica (7 damage)
             ... on level 8 of the Dungeon.
             The game lasted 00:12:51 (9795 turns).

bande the Chopper (Gargoyle Fighter)                Turns: 9795, Time: 00:12:51

Health: -1/55      AC: 23    Str: 20      XL:     9   Next: 50%
Magic:  9/9        EV:  7    Int:  7 (9)  God:
Gold:   351        SH:  5    Dex: 10 (13) Spells: 8/8 levels left

rFire   . . .      SeeInvis .   a - +1 war axe (freeze)
rCold   . . .      Faith    .   c - +0 buckler
rNeg    + . .      Spirit   .   k - +0 shadow dragon scales
rPois   ∞          Reflect  .   i - +1 hat
rElec   +          Harm     .   l - +0 cloak
rCorr   .          Rampage  .   o - +0 pair of gloves
Will    .....                   (no boots)
Stlth   ++........              (no amulet)
HPRegen 0.18/turn               (no ring)
MPRegen 0.11/turn               (no ring)

@: brilliant
A: sickness immunity, AC +6, negative energy resistance 1, electricity
resistance, torment resistance 1, petrification resistance
a: no special abilities


You were on level 8 of the Dungeon.
You visited 1 branch of the dungeon, and saw 8 of its levels.

You collected 351 gold pieces.

Inventory:

Hand Weapons
 a - a +1 war axe of freezing (weapon)
 p - a +0 morningstar of protection
Missiles
 v - a throwing net (quivered)
Armour
 c - a +0 buckler (worn)
 i - a +1 hat (worn)
 k - +0 shadow dragon scales (worn)
 l - a +0 cloak (worn)
 o - a +0 pair of gloves (worn)
Jewellery
 b - a ring of positive energy
 w - an amulet of the acrobat
 x - a ring of flight
Wands
 q - a wand of iceblast (5)
Scrolls
 u - a scroll of fear
Potions
 d - a potion of might
 e - a potion of magic {unknown}
 f - a potion of cancellation {unknown}
 g - a potion of resistance {unknown}
 h - a potion of brilliance
 j - a potion of curing
 m - a potion of haste {unknown}
 n - a potion of mutation {unknown}
 r - 3 potions of attraction


   Skills:
 + Level 5.9 Fighting
 + Level 7.9 Axes
 + Level 7.2 Armour
 + Level 5.3 Shields
 * Level 3.3 Evocations


You had 8 spell levels left.
You didn't know any spells.
Your spell library contained the following spells:

 Spells                   Type           Power      Damage    Failure   Level
 Animate Skeleton         Necr           0%         N/A       99%         1
 Pain                     Necr           0%         1d4       99%         1
 Sandblast                Erth           0%         2d4       99%         1
 Passwall                 Tmut/Erth      0%         N/A       100%        2
 Stone Arrow              Conj/Erth      0%         3d7       100%        3
 Vampiric Draining        Necr           0%         2d6       100%        3
 Fulminant Prism          Conj/Hex       0%         3d6       100%        4
 Iskenderun's Mystic Bla  Conj/Tloc      0%         2d3       100%        4
 Lee's Rapid Deconstruct  Erth           0%         3d5*      100%        5


Dungeon Overview and Level Annotations

Branches:
Dungeon (9/15)
 Temple: D:4-7         Lair: D:8-11         Orc: D:9-12

Altars:
Dithmenos
Gozag
Hepliaklqana
Nemelex Xobeh
Uskayaw
Xom

Shops:
D:1 *

Annotations:
D:8 Erica


Innate Abilities, Weirdness & Mutations

You are immune to sickness and miasma.
Your stone body is resilient. (AC +6)
You are immune to poison.
You resist negative energy. (rN+)
You are resistant to electric shocks. (rElec)
You are resistant to unholy torment.
You are immune to petrification.


Message History

Erica hits you with a +4 scimitar of flaming!
Erica burns you.
Unknown command.
You slash Erica! You freeze Erica.
Erica is severely wounded.
Erica hits you with a +4 scimitar of flaming.
Erica burns you.
Unknown command.
You hit Erica but do no damage.
Erica is severely wounded.
Erica hits you with a +4 scimitar of flaming.
Erica burns you.
Erica hits you with a +4 scimitar of flaming.
Erica burns you.
* * * LOW HITPOINT WARNING * * *
You hit Erica but do no damage.
Erica is severely wounded.
Erica hits you but does no damage.
Unknown command.
You hit Erica. You freeze Erica.
Erica is severely wounded.
Erica hits you but does no damage.
You hit Erica. You freeze Erica.
Erica is severely wounded.
Erica hits you with a +4 scimitar of flaming.
* * * LOW HITPOINT WARNING * * *
Erica burns you.
* * * LOW HITPOINT WARNING * * *
Unknown command.
It was a potion of brilliance.
You feel clever all of a sudden.
Erica hits you with a +4 scimitar of flaming!
* * * LOW HITPOINT WARNING * * *
Erica burns you.
* * * LOW HITPOINT WARNING * * *
It was a potion of curing.
You feel better. Erica hits you but does no damage.
You slash Erica! You freeze Erica.
Erica is almost dead.
Erica hits you with a +4 scimitar of flaming!
You die...

###..# ##.#..# .....
.@ ..... ..####
#.#.# ........#
#.#.#
..[....###.#.#####
[.....F@@.......#
.$#..#########.# P#
#.#..# #.#
....#.#..###### #.#
.............>####.#
.#..###............#
#Y.. #..####.######
#...##..# #.#
...#..# #.#


You could see Erica and a bullfrog.

Vanquished Creatures
  A yak (D:9)
  A steam dragon (D:8)
  An acid dragon (D:6)
  A water moccasin (D:5)
  An ice beast (D:6)
  A black bear (D:6)
  3 necrophages
  5 ogres
  A centaur (D:5)
  A scorpion (D:6)
  5 howler monkeys
  3 centaur zombies (D:5)
  2 hounds
  8 orc priests
  2 jellies
  An iguana (D:6)
  2 orc wizards
  6 adders
  7 gnolls
  A white imp (D:6)
  4 worms
  A dart slug (D:3)
  16 orcs
  4 ball pythons
  5 endoplasms
  3 giant cockroaches
  17 goblins
  9 hobgoblins
  3 jackals (D:2)
  8 kobolds
  5 quokkas
  5 bats
  3 frilled lizards
  2 rats
  A spectral goblin (D:4)
139 creatures vanquished.

Vanquished Creatures (others)
  9 fungi (D:8)
  7 plants (D:8)
16 creatures vanquished.

Grand Total: 155 creatures vanquished

Notes
Turn   | Place    | Note
-------+----------+-------------------------------------------
     0 | D:1      | bande the Gargoyle Fighter began the quest for the Orb.
     0 | D:1      | Reached XP level 1. HP: 14/14 MP: 1/1
   163 | D:1      | Reached XP level 2. HP: 9/19 MP: 2/2
   532 | D:1      | Found Antuobom's Assorted Antiques.
  1252 | D:2      | Reached XP level 3. HP: 24/24 MP: 3/3
  1486 | D:2      | Found an opulent altar of Gozag.
  1661 | D:2      | Reached XP level 4. HP: 29/29 MP: 4/4
  2151 | D:3      | Found a shimmering altar of Xom.
  2618 | D:3      | Found a shadowy altar of Dithmenos.
  2649 | D:3      | Reached XP level 5. HP: 24/33 MP: 5/5
  3114 | D:4      | Reached XP level 6. HP: 27/38 MP: 6/6
  3334 | D:4      | Noticed a necrophage
  3346 | D:4      | Killed a necrophage
  3798 | D:4      | Found a hide-covered altar of Uskayaw.
  4243 | D:4      | Found a hazy altar of Hepliaklqana.
  4395 | D:5      | Entered Level 5 of the Dungeon
  4931 | D:4      | Reached skill level 5 in Axes
  4931 | D:4      | Reached XP level 7. HP: 43/43 MP: 7/7
  5428 | D:5      | Reached skill level 5 in Armour
  5784 | D:5      | Reached XP level 8. HP: 47/48 MP: 8/8
  6232 | D:5      | Reached skill level 5 in Fighting
  6232 | D:5      | Reached skill level 1 in Evocations
  7483 | D:6      | Found a sparkling altar of Nemelex Xobeh.
  7977 | D:6      | Reached skill level 5 in Shields
  7977 | D:6      | Reached XP level 9. HP: 10/54 MP: 9/9
  8633 | D:6      | You fall into a shaft and drop 3 floors!
  8633 | D:9      | Noticed a two-headed ogre
  9199 | D:8      | Noticed Erica
  9793 | D:8      | HP: 1/55 [Erica (2)]
  9795 | D:8      | Slain by Erica

Illustrated notes

Levels and vault maps discovered:
D:1:      dpeg_arrival_snail, layout_basic, serial_shops, shop_statue
D:2:      cheibrodos_greedy_goblins, layout_loops_ring, basic_altar
D:3:      layout_basic, lemuel_crystal_altar, lemuel_doored_altar
D:4:      layout_loops_ring, nicolae_hepliaklqana_monster_ancestors,
          eat_drink_and_be_merry_uskayaw
D:5:      layout_basic
D:6:      layout_gridville, marbit_many_paths, mainiacjoe_overflow_catwalk
D:8:      layout_basic, grunt_lair_entry_orc_guard_hut, uniq_erica
D:9:      layout_roguey, mainiacjoe_overflow_alcove_2, special_room
          [special_room_orc], hangedman_decor_riveting, uniq_harold

Skill      XL: |  1  2  3  4  5  6  7  8  9 |
---------------+----------------------------+-----
Axes           | 2 3 4 5 6 7 |  7.9
Armour         | 4 5 6 7 |  7.2
Fighting       | 4 5 |  5.9
Shields        | 4 5 |  5.3
Evocations     | 2 3 |  3.3

Action                   |  1- 3 |  4- 6 |  7- 9 || total
-------------------------+-------+-------+-------++-------
Melee: War axe           |    86 |   178 |   170 ||   434
  Use: Scroll            |     2 |     4 |     4 ||    10
       Potion            |       |       |     3 ||     3
 Stab: Sleeping          |       |     2 |     2 ||     4
Armor: Scale mail        |    53 |    82 |       ||   135
       Shadow dragon sca |       |    42 |   154 ||   196
Dodge: Dodged            |    37 |    79 |    74 ||   190
Block: Buckler           |    24 |    43 |    55 ||   122

Table legend: (Time is in decaauts)
 A = Elapsed time spent in this place.
 B = Non-inter-level travel time spent in this place.
 C = Inter-level travel time spent in this place.
 D = Time resting spent in this place.
 E = Time spent auto-exploring this place.
 F = Levels seen in this place.
 G = Mean time per level.
                   A        B        C        D        E       F      G
               +--------+--------+--------+--------+--------+-----+--------+
         Total |   9937 |   9810 |    127 |   4249 |   4168 |   8 | 1242.1 |
       Dungeon |   9937 |   9810 |    127 |   4249 |   4168 |   8 | 1242.1 |
               +--------+--------+--------+--------+--------+-----+--------+

Top non-repeatable levels by time:
     D:5: 2242 daAuts
     D:4: 1987 daAuts
     D:6: 1401 daAuts
     D:1: 1231 daAuts
     D:3: 955 daAuts
     D:2: 952 daAuts
     D:8: 638 daAuts
     D:9: 529 daAuts
